TOP OF THE 1ST |
Trenton Thunder batting - Pitching for New Hampshire Fisher Cats : RHP Danny Walker
|
Pitching: RHP Danny Walker
|
|
Batting: RHB Phil Reeves
|
0-0: Ground out 4-3 (Groundball, 4S, EV 61.2 MPH)
|
Batting: RHB Alex Colon
|
0-0: Ground out 6-3 (Groundball, 6, EV 89.4 MPH)
|
Batting: RHB Jose Tovar
|
0-0: Called Strike 0-1: Foul Ball, location: 2F 0-2: Strikes out looking
|
Top of the 1st over - 0 runs, 0 hits, 0 errors, 0 left on base; Trenton 0 - New Hampshire 0 |
BOTTOM OF THE 1ST |
New Hampshire Fisher Cats batting - Pitching for Trenton Thunder : RHP Jarred Sharp
|
Pitching: RHP Jarred Sharp
|
|
Batting: RHB Frank Caulfield
|
0-0: Fly out, F7 (Line Drive, 7LM, EV 100.0 MPH)
|
Batting: RHB Bill Murray
|
0-0: Ball 1-0: Ball 2-0: Swinging Strike 2-1: Foul Ball, location: 2F 2-2: Ground out 6-3 (Groundball, 6, EV 83.8 MPH)
|
Batting: LHB Rodrigo Briceno
|
0-0: Ground out 4-3 (Groundball, 4, EV 85.0 MPH)
|
Bottom of the 1st over - 0 runs, 0 hits, 0 errors, 0 left on base; Trenton 0 - New Hampshire 0 |
TOP OF THE 2ND |
Trenton Thunder batting - Pitching for New Hampshire Fisher Cats : RHP Danny Walker
|
Batting: SHB Ryan Buchbinder
|
0-0: Called Strike 0-1: Ball 1-1: Ball 2-1: Foul Ball, location: 2F 2-2: Ground out 6-3 (Groundball, 6, EV 107.5 MPH)
|
Batting: SHB David Stewart
|
0-0: Called Strike 0-1: Ground out 2-3 (Groundball, 13S, EV 66.2 MPH)
|
Batting: RHB Sam Hubbert
|
0-0: Ball 1-0: Called Strike 1-1: Ball 2-1: Ball 3-1: Foul Ball, location: 2F 3-2: SINGLE (Groundball, 4MD, EV 98.1 MPH)
|
Batting: RHB Tim Osborn
|
0-0: Called Strike 0-1: Ball 1-1: Foul Ball, location: 2F 1-2: Ground out 1-3 (Groundball, P, EV 64.4 MPH)
|
Top of the 2nd over - 0 runs, 1 hit, 0 errors, 1 left on base; Trenton 0 - New Hampshire 0 |
BOTTOM OF THE 2ND |
New Hampshire Fisher Cats batting - Pitching for Trenton Thunder : RHP Jarred Sharp
|
Batting: RHB Butch Koglin
|
0-0: Called Strike 0-1: Fly out, F8 (Line Drive, 8RM, EV 90.0 MPH)
|
Batting: RHB Kirk Seiffert
|
0-0: Foul Ball, location: 2F 0-1: Ground out 4-3 (Groundball, 4, EV 82.5 MPH)
|
Batting: RHB Bryan Peterson
|
0-0: Ball 1-0: Swinging Strike 1-1: Ball 2-1: Foul Ball, location: 2F 2-2: Ball 3-2: DOUBLE (Line Drive, 89M, EV 105.0 MPH)
|
Batting: SHB Tristan Dearing
|
0-0: Called Strike 0-1: Called Strike 0-2: Ball 1-2: Ball 2-2: Ground out U3 (Groundball, 3, EV 110.6 MPH)
|
Bottom of the 2nd over - 0 runs, 1 hit, 0 errors, 1 left on base; Trenton 0 - New Hampshire 0 |
TOP OF THE 3RD |
Trenton Thunder batting - Pitching for New Hampshire Fisher Cats : RHP Danny Walker
|
Batting: RHB Christian Shearer
|
0-0: Swinging Strike 0-1: Ball 1-1: Swinging Strike 1-2: Ball 2-2: Ball 3-2: Strikes out swinging
|
Batting: RHB Dale Altman
|
0-0: Ball 1-0: Ground out 4-3 (Groundball, 4, EV 82.5 MPH)
|
Batting: RHB Phil Reeves
|
0-0: Ball 1-0: Called Strike 1-1: Ball 2-1: Foul Ball, location: 2F 2-2: Ball 3-2: Base on Balls
|
Batting: RHB Alex Colon
|
0-0: Swinging Strike 0-1: Ball 1-1: Foul Ball, location: 2F 1-2: Strikes out swinging
|
Top of the 3rd over - 0 runs, 0 hits, 0 errors, 1 left on base; Trenton 0 - New Hampshire 0 |
BOTTOM OF THE 3RD |
New Hampshire Fisher Cats batting - Pitching for Trenton Thunder : RHP Jarred Sharp
|
Batting: LHB Eddie Muniz
|
0-0: Ball 1-0: Foul Ball, location: 2F 1-1: Ball 2-1: Called Strike 2-2: Foul Ball, location: 2F 2-2: SOLO HOME RUN (Flyball, 9D, EV 96.9 MPH), Distance : 398 ft
|
Batting: RHB Andres de Leon
|
0-0: Called Strike 0-1: Ball 1-1: Foul Ball, location: 2F 1-2: Ball 2-2: Reached on error, E8 (Flyball, 8RD, EV 106.2 MPH)
|
Batting: RHB Frank Caulfield
|
0-0: Ball Andres de Leon is caught stealing 2nd base 2-4 1-0: Foul Ball, location: 2F 1-1: Hit by Pitch
|
Batting: RHB Bill Murray
|
0-0: Ball Frank Caulfield steals 2nd, throwing error, E2 Frank Caulfield to third 1-0: Ball 2-0: DOUBLE (Line Drive, 89D, EV 107.5 MPH) Frank Caulfield scores
|
Batting: LHB Rodrigo Briceno
|
0-0: Foul Ball, location: 2F 0-1: DOUBLE (Line Drive, 7LS, EV 97.5 MPH) Bill Murray scores
|
Batting: RHB Butch Koglin
|
0-0: Ball 1-0: Ball 2-0: Called Strike 2-1: DOUBLE (Flyball, 8LXD, EV 95.0 MPH) Rodrigo Briceno scores
|
Batting: RHB Kirk Seiffert
|
0-0: Called Strike 0-1: Swinging Strike 0-2: Foul Ball, location: 2F 0-2: Foul Ball, location: 2F 0-2: Fly out, F7 (Flyball, 7S, EV 86.9 MPH)
|
Batting: RHB Bryan Peterson
|
0-0: Ball 1-0: Ball 2-0: SINGLE (Groundball, 6MD, EV 99.4 MPH) Butch Koglin to third Runner from 3rd tries for Home, SAFE, throw by CF to home Bryan Peterson to second
|
Batting: SHB Tristan Dearing
|
0-0: Ball 1-0: Called Strike 1-1: DOUBLE (Flyball, 8LXD, EV 99.4 MPH) Bryan Peterson scores
|
Pitching: RHP Jimmy Williams
|
|
Batting: LHB Eddie Muniz
|
0-0: Ball 1-0: Ball 2-0: Ball 3-0: Base on Balls
|
Batting: RHB Andres de Leon
|
0-0: Called Strike 0-1: Called Strike 0-2: Strikes out swinging
|
Bottom of the 3rd over - 6 runs, 6 hits, 2 errors, 2 left on base; Trenton 0 - New Hampshire 6 |
TOP OF THE 4TH |
Trenton Thunder batting - Pitching for New Hampshire Fisher Cats : RHP Danny Walker
|
Batting: RHB Jose Tovar
|
0-0: Called Strike 0-1: Called Strike 0-2: Strikes out swinging
|
Batting: SHB Ryan Buchbinder
|
0-0: Ball 1-0: Ball 2-0: Ball 3-0: Called Strike 3-1: Foul Ball, location: 2F 3-2: Ground out 4-3 (Groundball, 4, EV 78.1 MPH)
|
Batting: SHB David Stewart
|
0-0: Called Strike 0-1: Swinging Strike 0-2: Foul Ball, location: 2F 0-2: Ball 1-2: Strikes out looking
|
Top of the 4th over - 0 runs, 0 hits, 0 errors, 0 left on base; Trenton 0 - New Hampshire 6 |
BOTTOM OF THE 4TH |
New Hampshire Fisher Cats batting - Pitching for Trenton Thunder : RHP Jimmy Williams
|
Batting: RHB Frank Caulfield
|
0-0: Foul Ball, location: 2F 0-1: Ball 1-1: Ball 2-1: Foul Ball, location: 2F 2-2: Strikes out swinging
|
Batting: RHB Bill Murray
|
0-0: Ball 1-0: Fly out, F8 (Flyball, 8LM, EV 81.9 MPH)
|
Batting: LHB Rodrigo Briceno
|
0-0: Called Strike 0-1: Ball 1-1: Ball 2-1: Fly out, F7 (Flyball, 7LM, EV 88.1 MPH)
|
Bottom of the 4th over - 0 runs, 0 hits, 0 errors, 0 left on base; Trenton 0 - New Hampshire 6 |
TOP OF THE 5TH |
Trenton Thunder batting - Pitching for New Hampshire Fisher Cats : RHP Danny Walker
|
Batting: RHB Sam Hubbert
|
0-0: Called Strike 0-1: Ball 1-1: Swinging Strike 1-2: Foul Ball, location: 2F 1-2: Strikes out swinging
|
Batting: RHB Tim Osborn
|
0-0: Called Strike 0-1: Ball 1-1: Called Strike 1-2: Strikes out swinging
|
Batting: RHB Christian Shearer
|
0-0: Ball 1-0: Ground out 5-3 (Groundball, 56S, EV 85.6 MPH)
|
Top of the 5th over - 0 runs, 0 hits, 0 errors, 0 left on base; Trenton 0 - New Hampshire 6 |
BOTTOM OF THE 5TH |
New Hampshire Fisher Cats batting - Pitching for Trenton Thunder : RHP Jimmy Williams
|
Batting: RHB Butch Koglin
|
0-0: TRIPLE (Flyball, 9LD, EV 111.9 MPH)
|
Batting: RHB Kirk Seiffert
|
0-0: Foul Ball, location: 2F 0-1: Foul Ball, location: 2F 0-2: Ground out 6-3 (Groundball, 6, EV 100.0 MPH) Butch Koglin scores
|
Batting: RHB Bryan Peterson
|
0-0: Called Strike 0-1: Ground out 6-3 (Groundball, 6, EV 85.6 MPH)
|
Batting: SHB Tristan Dearing
|
0-0: Ball 1-0: Ball 2-0: SINGLE (Groundball, 4D, EV 100.0 MPH)
|
Batting: LHB Eddie Muniz
|
0-0: Called Strike 0-1: Called Strike 0-2: Strikes out swinging
|
Bottom of the 5th over - 1 run, 2 hits, 0 errors, 1 left on base; Trenton 0 - New Hampshire 7 |
TOP OF THE 6TH |
Trenton Thunder batting - Pitching for New Hampshire Fisher Cats : RHP Danny Walker
|
Batting: RHB Dale Altman
|
0-0: Ground out 6-3 (Groundball, 6, EV 98.1 MPH)
|
Batting: RHB Phil Reeves
|
0-0: Called Strike 0-1: Called Strike 0-2: Fly out, F7 (Flyball, 7D, EV 95.0 MPH)
|
Batting: RHB Alex Colon
|
0-0: Called Strike 0-1: Ball 1-1: SINGLE (Line Drive, 34, EV 98.8 MPH)
|
Batting: RHB Jose Tovar
|
0-0: Ball 1-0: Ball 2-0: Foul Ball, location: 2F 2-1: Ball 3-1: Called Strike 3-2: Fly out, F7 (Line Drive, 78S, EV 88.1 MPH)
|
Top of the 6th over - 0 runs, 1 hit, 0 errors, 1 left on base; Trenton 0 - New Hampshire 7 |
BOTTOM OF THE 6TH |
New Hampshire Fisher Cats batting - Pitching for Trenton Thunder : RHP Jimmy Williams
|
Batting: RHB Andres de Leon
|
0-0: Called Strike 0-1: Called Strike 0-2: Foul Ball, location: 2F 0-2: DOUBLE (Line Drive, 78M, EV 107.5 MPH)
|
Pitching: RHP Joe Shaw
|
|
Batting: RHB Frank Caulfield
|
0-0: Ball 1-0: Ball 2-0: Called Strike 2-1: Ball 3-1: Called Strike 3-2: Base on Balls
|
Batting: RHB Bill Murray
|
0-0: Swinging Strike 0-1: Swinging Strike 0-2: Foul Ball, location: 2F 0-2: Ball 1-2: Foul Ball, location: 2F 1-2: Ball 2-2: Foul Ball, location: 2F 2-2: Foul Ball, location: 2F 2-2: Fielders Choice at 2nd, 3-6 (Groundball, 34, EV 84.4 MPH) Andres de Leon to third
|
Batting: LHB Rodrigo Briceno
|
0-0: Called Strike 0-1: Called Strike 0-2: Ball 1-2: Foul Ball, location: 2F 1-2: Fly out, F7 (Flyball, 78M, EV 93.8 MPH) Runner from 3rd tags up, SCORES, no throw by LF
|
Batting: RHB Butch Koglin
|
0-0: Ball Pickoff Throw by Catcher to First - Out!
|
Bottom of the 6th over - 1 run, 1 hit, 0 errors, 0 left on base; Trenton 0 - New Hampshire 8 |
TOP OF THE 7TH |
Trenton Thunder batting - Pitching for New Hampshire Fisher Cats : RHP Danny Walker
|
Batting: SHB Ryan Buchbinder
|
0-0: SINGLE (Line Drive, 7S, EV 93.8 MPH)
|
Batting: SHB David Stewart
|
0-0: Ball 1-0: SINGLE (Groundball, 6D, EV 98.8 MPH) Ryan Buchbinder to second
|
Batting: RHB Sam Hubbert
|
0-0: Ball 1-0: Ball 2-0: Foul Ball, location: 2F 2-1: Grounds into double play, 6-4-3 (Groundball, 6, EV 88.1 MPH) Ryan Buchbinder to third
|
Batting: RHB Tim Osborn
|
0-0: Called Strike 0-1: Fly out, F4 (Line Drive, 4, EV 68.1 MPH)
|
Top of the 7th over - 0 runs, 2 hits, 0 errors, 1 left on base; Trenton 0 - New Hampshire 8 |
BOTTOM OF THE 7TH |
New Hampshire Fisher Cats batting - Pitching for Trenton Thunder : RHP Joe Shaw
|
Batting: RHB Butch Koglin
|
0-0: Called Strike 0-1: Fly out, F6 (Line Drive, 6MD, EV 67.5 MPH)
|
Batting: RHB Kirk Seiffert
|
0-0: Called Strike 0-1: Ground out 5-3 (Groundball, 5L, EV 100.0 MPH)
|
Batting: RHB Bryan Peterson
|
0-0: Ball 1-0: SINGLE (Groundball, 56S, EV 68.8 MPH) (infield hit)
|
Batting: SHB Tristan Dearing
|
0-0: Called Strike 0-1: Swinging Strike 0-2: Ball 1-2: Fly out, F6 (Popup, 6, EV 63.1 MPH)
|
Bottom of the 7th over - 0 runs, 1 hit, 0 errors, 1 left on base; Trenton 0 - New Hampshire 8 |
TOP OF THE 8TH |
Trenton Thunder batting - Pitching for New Hampshire Fisher Cats : RHP Danny Walker
|
Batting: RHB Christian Shearer
|
0-0: Ball 1-0: Fly out, F9 (Flyball, 9D, EV 101.9 MPH)
|
Batting: RHB Dale Altman
|
0-0: TRIPLE (Flyball, 89XD, EV 102.5 MPH)
|
Batting: RHB Phil Reeves
|
0-0: Ball 1-0: TRIPLE (Flyball, 78XD, EV 100.6 MPH) Dale Altman scores
|
Batting: RHB Alex Colon
|
0-0: Ball 1-0: Ball 2-0: Foul Ball, location: 2F 2-1: Ball 3-1: Base on Balls
|
Pinch Hitting: RHB Greg Harden
|
0-0: Grounds into double play, 6-4-3 (Groundball, 6, EV 106.9 MPH)
|
Top of the 8th over - 1 run, 2 hits, 0 errors, 1 left on base; Trenton 1 - New Hampshire 8 |
BOTTOM OF THE 8TH |
New Hampshire Fisher Cats batting - Pitching for Trenton Thunder : RHP Joe Shaw
|
Pitching: RHP Antonio Castillo
|
|
Now in LF: Greg Harden
|
|
Batting: LHB Eddie Muniz
|
0-0: Ball 1-0: Foul Ball, location: 2F 1-1: Ball 2-1: Called Strike 2-2: Ball 3-2: Fly out, F7 (Flyball, 7D, EV 88.8 MPH)
|
Batting: RHB Andres de Leon
|
0-0: Ball 1-0: Called Strike 1-1: Called Strike 1-2: Strikes out swinging
|
Batting: RHB Frank Caulfield
|
0-0: Ball 1-0: Foul Ball, location: 2F 1-1: Foul Ball, location: 2F 1-2: Strikes out swinging
|
Bottom of the 8th over - 0 runs, 0 hits, 0 errors, 0 left on base; Trenton 1 - New Hampshire 8 |
TOP OF THE 9TH |
Trenton Thunder batting - Pitching for New Hampshire Fisher Cats : RHP Danny Walker
|
Batting: SHB Ryan Buchbinder
|
0-0: Ball 1-0: Called Strike 1-1: Called Strike 1-2: Ball 2-2: Fly out, F8 (Line Drive, 8RM, EV 93.8 MPH)
|
Batting: SHB David Stewart
|
0-0: Ball 1-0: Ball 2-0: Foul Ball, location: 2F 2-1: Foul Ball, location: 2F 2-2: Foul Ball, location: 2F 2-2: Fly out, F7 (Flyball, 7LS, EV 92.5 MPH)
|
Batting: RHB Sam Hubbert
|
0-0: Ball 1-0: Swinging Strike 1-1: Swinging Strike 1-2: Fly out, F3 (Popup, 3F, EV 71.9 MPH)
|
Top of the 9th over - 0 runs, 0 hits, 0 errors, 0 left on base; Trenton 1 - New Hampshire 8 |
|